FIQ, neutral male scurrid Tourist ---------------- .CCGohoohGoGoh| |.oohohokooookh| |rhoGGohoohGGCo| |.GhhohhGhGhhko| ---------------- FIQ the Rambler Experience level: 1 Strength: 11 Dexterity: 12 Constitution: 14 Intelligence: 12 Wisdom: 9 Charisma: 17 Health: 0(9) Energy: 2(2) Def: 0 Gold: 998 Moves: 28 Dungeon seed: m-yxuMSqbRrPeapH Game ID: FIQ_1498602930 Your Inventory: Coins $ - 998 gold pieces Weapons a - 49 uncursed +2 darts (in quiver) Armor e - an uncursed +0 Hawaiian shirt (being worn) Comestibles b - 2 uncursed tripe rations c - an uncursed fortune cookie d - 3 uncursed lembas wafers f - 2 uncursed tins of lichen g - 3 uncursed food rations h - an uncursed cream pie Scrolls j - 3 uncursed scrolls of magic mapping k - a blessed scroll of magic mapping Potions i - 2 uncursed potions of extra healing Wands n - an uncursed wand of secret door detection (0:14) Tools l - an uncursed expensive camera (0:69) m - an uncursed credit card o - an uncursed towel Spells and supernatural/magical abilities: Name Level Category Fail Memory W - pray for help -- divine ? -- Your skills at the end: Miscellaneous Skills wands [Basic] Weapon Skills dart [Basic] Spellcasting Skills Final Attributes: You were devoutly aligned. You had infravision. You were very stealthy. You are dead. Voluntary challenges: You went without food. You did not adorn yourself with jewelry or accessories. You did not cause conflict. You were not invisible. You did not have reflection. You were not displaced. You were an atheist. You never hit with a wielded weapon. You were a pacifist. You did not use tools. You did not use plumbed fixtures. You did not drink any magical draughts. You were illiterate. You never genocided any monsters. You never polymorphed an object. You never changed form. You used no wishes. You never split a pudding. You never wrote Elbereth's name. You never violated your personal moral code. Dungeon overview: The Dungeons of Doom: levels 1 to 12 Level 1 an altar to Blind Io a long staircase Level 2 Level 3 Level 4 a long staircase Level 5 Level 6 Level 7 Level 8 Level 9 Level 10 Level 11 Level 12 <- You were here a throne History has recorded: On T:1 you entered the Dungeons of Doom to retrieve the Amulet of Yendor! On T:4 you reached level 2 of The Dungeons of Doom. On T:6 you reached level 3 of The Dungeons of Doom. On T:8 you reached level 4 of The Dungeons of Doom. On T:10 you reached level 5 of The Dungeons of Doom. On T:13 you reached level 6 of The Dungeons of Doom. On T:15 you reached level 7 of The Dungeons of Doom. On T:17 you reached level 8 of The Dungeons of Doom. On T:19 you reached level 9 of The Dungeons of Doom. On T:22 you reached level 10 of The Dungeons of Doom. On T:25 you reached level 11 of The Dungeons of Doom. On T:27 you reached level 12 of The Dungeons of Doom. Score breakdown: Gold: 121 ( 12 points) Experience: 1 level ( 0 points) Exploration: 12 levels ( 330 points) Discoveries: 0 items ( 0 points) Variety of kills: 0 monsters ( 0 points) Major goal: (nothing yet) ( 0 points) Survival: died (score multiplied by 3) Total score: 1026 Latest messages: You fall through... Something is written here in the dust. You read: "Vlcd wa? hc?e". That command is only available in debug mode. You start chewing a hole in the rock. You continue digging. You make an opening in the wall. You have no weapon equipped. This door is locked. You start digging downward. You continue digging downward. You dig a pit in the floor. You continue digging downward. You dig a hole through the floor. You fall through... You start digging downward. You continue digging downward. You dig a pit in the floor. You continue digging downward. You dig a hole through the floor. You fall through... You enter an opulent throne room! The bugbear punches you! You start digging downward. The bugbear punches you! You die... Final status: Aloha FIQ the Tourist, killed by a bugbear... You died in The Dungeons of Doom on dungeon level 12 with 1026 points, and 998 pieces of gold, after 28 moves. You were level 1 with a maximum of 9 hit points when you died.